 Dungeon Crawl Stone Soup version 0.16.1-5-gaa23807 (webtiles) character file.

25 wojtek the Sneak (level 3, 0/21 HPs)
             Began as a Kobold Assassin on Mar 28, 2015.
             Succumbed to an adder's poison
             ... on level 2 of the Dungeon.
             The game lasted 00:01:36 (990 turns).

wojtek the Sneak (Kobold Assassin)                   Turns: 990, Time: 00:01:36

Health: 0/21       AC:  4    Str:  9    XL:     3   Next: 17%
Magic:  1/3        EV: 14    Int: 10    God:
Gold:   66         SH:  0    Dex: 17    Spells: 0 memorised, 2 levels left

rFire  . . .     SeeInvis .     b - +0 blowgun
rCold  . . .     Clarity  .     c - +0 robe
rNeg   . . .     SustAb   .     (no shield)
rPois  .         Gourm    .     h - +0 helmet
rElec  .         Spirit   +     d - +0 cloak
rCorr  .         Warding  .     (no gloves)
rMut   .         Stasis   .     (no boots)
MR     .....                    m - amulet of guardian spirit
Stlth  +++.......               (no ring)
                                (no ring)

@: lethally poisoned (0 -> -5), not resistant to hostile enchantments, fairly
stealthy
A: carnivore 3
a: no special abilities


You were on level 2 of the Dungeon.
You were very full.

You visited 1 branch of the dungeon, and saw 2 of its levels.

You collected 66 gold pieces.

Inventory:

Hand weapons
 a - a +2 dagger
 b - a +0 blowgun (weapon)
Missiles
 e - 4 poisoned needles (quivered)
 f - 2 curare-tipped needles
Armour
 c - a +0 robe (worn)
 d - a +0 cloak (worn)
 h - a +0 helmet (worn)
Jewellery
 m - an amulet of guardian spirit (around neck)
Scrolls
 i - 3 scrolls of remove curse {unknown}
 j - 3 scrolls of identify {unknown}
Potions
 k - a potion of invisibility {unknown}
 o - a potion of curing
 p - a potion of magic {unknown}
Comestibles
 g - a meat ration
 l - 2 chunks of flesh
 n - a beef jerky


   Skills:
 - Level 2.1 Fighting
 + Level 4.5 Short Blades
 - Level 2.6 Throwing
 - Level 1.2 Dodging
 - Level 5.3 Stealth


You had 2 spell levels left.
You didn't know any spells.

Dungeon Overview and Level Annotations

Branches:
Dungeon (2/15)

Altars:

Annotations:
D:2 Jessica


Innate Abilities, Weirdness & Mutations

You are small and have problems with some larger weapons.
You are carnivorous and can eat meat at any time.


Message History

Pain shoots through your body! The adder bites you.
You are poisoned.
The adder poisons you! Jessica barely misses you.
Firing (i - inventory. (,) - cycle):
e - 6 poisoned needles (quivered)
Press: ? - help, Shift-Dir - straight line, f/p - Jessica
Aim: Jessica, wearing a robe (moderately wounded, poisoned)
You shoot a poisoned needle.
The poisoned needle closely misses Jessica.
You feel sick. The adder barely misses you. Jessica hits you.
* * * LOW HITPOINT WARNING * * *
Firing (i - inventory. (,) - cycle):
e - 5 poisoned needles (quivered)
Press: ? - help, Shift-Dir - straight line, f - adder, p - Jessica
Aim: an adder (almost dead)
You shoot a poisoned needle.
The poisoned needle closely misses the adder.
The adder barely misses you. Jessica barely misses you. The adder bites you.
* * * LOW HITPOINT WARNING * * *
You die...

.................................
########.........##..###.....#.##
#..........(..........#.##
#.....................#.##
#..........##.###.#+###.##
#(.........##.# #... .
#...(.....###.# ###(# #(.....@..#
#.# .# #......S.@# #.. #
#.................
#................
#...#########.### #... #.# ###


You could see an adder and Jessica.

Vanquished Creatures
  2 giant cockroaches (D:1)
  3 hobgoblins
  3 kobolds
  A ball python (D:1)
  5 bats
  2 giant geckos (D:1)
  2 giant newts
  3 goblins
  5 rats
26 creatures vanquished.

Vanquished Creatures (others)
  A bat (D:1)
1 creature vanquished.

Grand Total: 27 creatures vanquished

Notes
Turn   | Place    | Note
--------------------------------------------------------------
     0 | D:1      | wojtek, the Kobold Assassin, began the quest for the Orb.
     0 | D:1      | Reached XP level 1. HP: 12/12 MP: 1/1
     9 | D:1      | You fall through a shaft!
   263 | D:1      | Reached XP level 2. HP: 12/17 MP: 2/2
   801 | D:1      | Reached XP level 3. HP: 21/21 MP: 3/3
   966 | D:2      | Noticed Jessica
   989 | D:2      | HP: 1/21 [adder (4)]
   990 | D:2      | Succumbed to an adder's poison

Action                   || total
-------------------------++-------
Melee: Dagger            ||    62
 Fire: Blowgun           ||     4
  Use: Potion            ||     2
 Stab: Sleeping          ||    14
  Eat: Chunk             ||     8
